 Dungeon Crawl Stone Soup version 0.21.1-1-g345015f (webtiles) character file.

26 tidbits the Grave Robber (level 3, -3/25 HPs)
             Began as a Gnoll Necromancer on June 15, 2018.
             Slain by a killer bee zombie (7 damage)
             ... on level 4 of the Dungeon.
             The game lasted 00:03:27 (297 turns).

tidbits the Grave Robber (Gnoll Necromancer)         Turns: 297, Time: 00:03:27

Health: -3/25      AC:  3    Str: 10    XL:     3   Next: 8%
Magic:  3/9        EV: 14    Int: 18    God:
Gold:   74         SH:  0    Dex: 15    Spells: 4/12 levels left

rFire    . . .     SeeInvis .   f - +0 long sword
rCold    . . .     Gourm    .   (no shield)
rNeg     . . .     Faith    .   B - +1 robe
rPois    .         Spirit   .   (no helmet)
rElec    .         Reflect  .   (no cloak)
rCorr    .         Harm     .   (no gloves)
MR       .....                  (no boots)
Stlth    +++.......             (no amulet)
HPRegen  0.08/turn              (no ring)
MPRegen  0.11/turn              (no ring)

@: very slightly contaminated
A: distributed training, fangs 1, strong nose
a: no special abilities


You were on level 4 of the Dungeon.
You were not hungry.

You visited 1 branch of the dungeon, and saw 4 of its levels.

You collected 74 gold pieces.

Inventory:

Hand Weapons
 a - a +0 short sword
 b - a +0 dagger
 f - a +0 long sword (weapon)
Missiles
 i - 6 tomahawks (quivered)
Armour
 B - a +1 robe (worn)
Scrolls
 e - a scroll of remove curse {unknown}
 j - a scroll of enchant armour
 l - a scroll of enchant weapon {unknown}
Potions
 d - a potion of degeneration {unknown}
 g - a potion of curing {unknown}
 h - a potion of lignification {unknown}
Books
 k - a book of Necromancy

   Spells                             Type                      Level
   a - Pain                           Necromancy                   1
   b - Animate Skeleton               Necromancy                   1
   c - Vampiric Draining              Necromancy                   3
   d - Regeneration                   Charms/Necromancy            3
   e - Animate Dead                   Necromancy                   4
   f - Borgnjor's Vile Clutch         Necromancy/Earth             5
Comestibles
 c - 6 rations


   Skills:
 + Level 0.6 Fighting
 + Level 0.6 Short Blades
 + Level 0.6 Long Blades
 + Level 0.6 Axes
 + Level 0.6 Maces & Flails
 + Level 0.6 Polearms
 + Level 0.6 Staves
 + Level 0.6 Slings
 + Level 0.6 Bows
 + Level 0.6 Crossbows
 + Level 0.6 Throwing
 + Level 0.6 Armour
 + Level 4.5 Dodging
 + Level 4.1 Stealth
 + Level 0.6 Shields
 + Level 0.6 Unarmed Combat
 + Level 5.0 Spellcasting
 + Level 0.4 Conjurations
 + Level 0.4 Hexes
 + Level 0.4 Charms
 + Level 0.4 Summonings
 + Level 7.1 Necromancy
 + Level 0.4 Translocations
 + Level 0.4 Transmutations
 + Level 0.4 Fire Magic
 + Level 0.4 Ice Magic
 + Level 0.4 Air Magic
 + Level 0.4 Earth Magic
 + Level 0.4 Poison Magic
 + Level 0.8 Invocations
 + Level 0.6 Evocations


You had 4 spell levels left.
You knew the following spells:

 Your Spells              Type           Power        Failure   Level  Hunger
a - Pain                  Necr           ####         1%          1    None
d - Vampiric Draining     Necr           ####......   2%          3    ##.....
n - Animate Skeleton      Necr           N/A          1%          1    None
r - Regeneration          Chrm/Necr      ###.......   9%          3    ##.....


Dungeon Overview and Level Annotations

Branches:
Dungeon (4/15)
 Temple: D:4-7

Altars:


Innate Abilities, Weirdness & Mutations

Your experience applies equally to all skills.
You have very sharp teeth.
Your uncanny sense of smell can sniff out nearby items.


Message History

Press: ? - help, Shift-Dir - straight line, f - frilled lizard
Aim: a frilled lizard (chance to defeat MR: 93%)
The frilled lizard writhes in agony!
You kill the frilled lizard!
Things that are here:
a leather armour; an orc corpse
Found a ration.
Unknown command.
Found 11 gold pieces.
Unknown command.
You see here a ration.
c - 6 rations (gained 1)
You see here 11 gold pieces.
You now have 74 gold pieces (gained 11).
Found a stone staircase leading down.
A leopard gecko comes into view.
Found a long sword.
The helpless leopard gecko fails to defend itself.
You puncture the leopard gecko!
You kill the leopard gecko!
Your Spellcasting skill increases to level 5!
Unknown command.
Found 13 gold pieces.
A killer bee zombie comes into view.
Unknown command.
Memorise Regeneration, consuming 3 spell levels and leaving 7?
You start memorising the spell.
You continue memorising. x3
You finish memorising.
Spell assigned to 'r'.
Casting: Pain
Confirm with . or Enter, or press ? or * to list all spells.
Your skin crawls.
Memorise Vampiric Draining, consuming 3 spell levels and leaving 4?
You start memorising the spell.
You continue memorising. x2
Your skin is crawling a little less now.
You continue memorising.
You finish memorising.
Spell assigned to 'd'.
The killer bee zombie misses you.
Found 23 stones.
Your skin stops crawling.
The killer bee zombie hits you. The killer bee zombie hits you!
Found 6 gold pieces.
You see here a long sword.
f - a long sword The killer bee zombie hits you but does no damage.
The killer bee zombie barely misses you.
Wield which item (- for none, * to show all)? (? for menu, Esc to quit)
f - a +0 long sword (weapon)
The killer bee zombie closely misses you.
You riposte.
You hit the killer bee zombie. You bite the killer bee zombie.
The killer bee zombie is lightly damaged.
You hit the killer bee zombie. You bite the killer bee zombie.
The killer bee zombie is heavily damaged.
The killer bee zombie misses you.
The killer bee zombie hits you but does no damage.
You barely miss the killer bee zombie.
The killer bee zombie is heavily damaged.
The killer bee zombie completely misses you.
The killer bee zombie misses you.
You riposte.
You hit the killer bee zombie.
The killer bee zombie is heavily damaged.
The killer bee zombie closely misses you.
You hit the killer bee zombie.
The killer bee zombie is heavily damaged.
The killer bee zombie barely misses you.
The killer bee zombie closely misses you.
You barely miss the killer bee zombie. You bite the killer bee zombie.
The killer bee zombie is heavily damaged.
The killer bee zombie closely misses you.
You riposte.
You hit the killer bee zombie.
The killer bee zombie is almost destroyed.
The killer bee zombie completely misses you.
The killer bee zombie misses you.
You riposte.
You barely miss the killer bee zombie.
The killer bee zombie is almost destroyed.
You miss the killer bee zombie.
The killer bee zombie is almost destroyed.
The killer bee zombie hits you but does no damage.
The killer bee zombie hits you.
* * * LOW HITPOINT WARNING * * *
You hit the killer bee zombie but do no damage.
The killer bee zombie is almost destroyed.
The killer bee zombie hits you.
* * * LOW HITPOINT WARNING * * *
The killer bee zombie completely misses you.
The killer bee zombie barely misses you.
You riposte.
You hit the killer bee zombie but do no damage.
The killer bee zombie is almost destroyed.
Casting: Regeneration
Confirm with . or Enter, or press ? or * to list all spells.
You miscast Regeneration.
You are very lightly contaminated with residual magic.
The air around you crackles with energy!
The killer bee zombie completely misses you.
You miss the killer bee zombie.
The killer bee zombie is almost destroyed.
The killer bee zombie hits you.
* * * LOW HITPOINT WARNING * * *
The killer bee zombie closely misses you.
The killer bee zombie hits you!
You die...

#>..............
##....##.#######
#....##..# #...
#....###.# #...
##########....# #.###...
..............# #..##...
...........#### ##.##...
.......Z...# #..#...
....$..@...########.#...
...........##...........
...........##...........
...........##...........
...........##...........
...........##.......#.##
..........(##########..#
.......$...# ##.# .#


You could see a killer bee zombie.

Vanquished Creatures
  An ooze (D:2)
  A dart slug (D:1)
  A leopard gecko (D:4)
  2 orcs
  2 goblins
  4 kobolds
  A ball python (D:2)
  3 bats
  A frilled lizard (D:4)
  2 rats
18 creatures vanquished.

Notes
Turn   | Place    | Note
-------+----------+-------------------------------------------
     0 | D:1      | tidbits the Gnoll Necromancer began the quest for the Orb.
     0 | D:1      | Reached XP level 1. HP: 13/13 MP: 6/6
    38 | D:1      | Reached XP level 2. HP: 13/19 MP: 2/7
   145 | D:2      | Learned a level 1 spell: Animate Skeleton
   240 | D:4      | Reached XP level 3. HP: 12/25 MP: 3/9
   269 | D:4      | Reached skill level 5 in Spellcasting
   278 | D:4      | Learned a level 3 spell: Regeneration
   283 | D:4      | Learned a level 3 spell: Vampiric Draining
   297 | D:4      | Slain by a killer bee zombie

Skill      XL: |  1  2  3 |
---------------+----------+-----
Spellcasting   | 5 |  5.0
Fighting       | |  0.6
Short Blades   | |  0.6
Long Blades    | |  0.6
Axes           | |  0.6
Maces & Flails | |  0.6
Polearms       | |  0.6
Staves         | |  0.6
Slings         | |  0.6
Bows           | |  0.6
Crossbows      | |  0.6
Throwing       | |  0.6
Armour         | |  0.6
Dodging        | |  4.5
Stealth        | |  4.1
Shields        | |  0.6
Unarmed Combat | |  0.6
Conjurations   | |  0.4
Hexes          | |  0.4
Charms         | |  0.4
Summonings     | |  0.4
Necromancy     | |  7.1
Translocations | |  0.4
Transmutations | |  0.4
Fire Magic     | |  0.4
Ice Magic      | |  0.4
Air Magic      | |  0.4
Earth Magic    | |  0.4
Poison Magic   | |  0.4
Invocations    | |  0.8
Evocations     | |  0.6

Action                   || total
-------------------------++-------
Melee: Dagger            ||     2
       Short sword       ||     1
       Long sword        ||     7
       Bite              ||     3
 Cast: Pain              ||    20
       Regeneration      ||     1
  Use: Scroll            ||     1
 Stab: Sleeping          ||     2
Armor: Robe              ||     5
Dodge: Dodged            ||    24
       Rpst.: Long sword ||     5

Table legend:
 A = Turns spent in this place as a percentage of turns spent in the entire game.
 B = Non-inter-level travel turns spent in this place as a percentage of non-inter-level travel turns spent in the entire game.
 C = Inter-level travel turns spent in this place as a percentage of turns spent in this place.
 D = Turns resting spent in this place as a percentage of non-inter-level travel turns spent in this place.
 E = Turns spent auto-exploring this place as a percentage of non-inter-level travel turns spent in this place.
 F = Non-inter-level travel turns spent in this place divided by the number of levels of this place that you've seen.
                   A       B       C       D       E      F
               +-------+-------+-------+-------+-------+----------------------
         Total | 100.0 | 100.0 |   0.0 |   0.0 |   0.0 |  74.2
       Dungeon | 100.0 | 100.0 |   0.0 |   0.0 |   0.0 |  74.2
               +-------+-------+-------+-------+-------+----------------------

Table legend:
 A = Kills in this place as a percentage of kills in entire the game.
 B = Kills by you in this place as a percentage of kills by you in the entire game.
 C = Kills by friends in this place as a percentage of kills by friends in the entire game.
 D = Other kills in this place as a percentage of other kills in the entire game.
 E = Experience gained in this place as a percentage of experience gained in the entire game.
 F = Experience gained in this place divided by the number of levels of this place that you have seen.
                   A       B       C       D       E      F
               +-------+-------+-------+-------+-------+----------------------
         Total | 100.0 | 100.0 |   N/A |   N/A | 100.0 |   9.5
       Dungeon | 100.0 | 100.0 |   N/A |   N/A | 100.0 |   9.5
               +-------+-------+-------+-------+-------+----------------------

Vault maps used:
D:1:      ncdulo_lavacross
D:2:      lemuel_coloured_pillars_altar, cheibriados_altar_1
D:3:      lemuel_crystal_altar, uniq_grinder, uniq_sigmund
D:4:      grunt_temple_overflow_opulence, nicolae_qazlal_style_of_elements,
          first_ration
